 Seeded DCSS version 0.29-a0-380-gf50f0a9fbc (webtiles) character file.

Game seed: 20220502 (custom seed)

2947 klau3 the Cleaver (level 9, -1/79 HPs)
             Began as a Hill Orc Fighter on May 5, 2022.
             Slain by a hound (3 damage)
             ... on level 7 of the Dungeon.
             The game lasted 00:32:00 (9420 turns).

klau3 the Cleaver (Hill Orc Fighter)                Turns: 9420, Time: 00:32:01

Health: -1/79      AC: 14    Str: 20 (21) XL:     9   Next: 80%
Magic:  0/9        EV:  8    Int: 11 (14) God:
Gold:   387        SH:  5    Dex: 12      Spells: 8/8 levels left

rFire   + . .      SeeInvis .   a - +0 war axe
rCold   x . .      Faith    .   c - +0 buckler
rNeg    . . .      Spirit   +   j - +1 chain mail
rPois   .          Reflect  .   n - +1 helmet
rElec   .          Harm     .   (no cloak)
rCorr   .          Rampage  .   (no gloves)
Will    .....                   (no boots)
Stlth   ..........              s - amulet of guardian spirit
HPRegen 0.23/turn               w - ring of fire
MPRegen 0.11/turn               J - +6 ring of intelligence

@: hasted, very quick
A: no striking features
a: no special abilities


You were on level 7 of the Dungeon.
You visited 1 branch of the dungeon, and saw 7 of its levels.
You also visited: Sewer.

You collected 387 gold pieces.

Inventory:

Hand Weapons
 a - a +0 war axe (weapon)
 i - a +2 rapier of speed
Missiles
 x - 8 poisoned darts (quivered)
 y - 3 boomerangs
 I - a throwing net
Armour
 b - a +0 scale mail
 c - a +0 buckler (worn)
 j - a +1 chain mail (worn)
 k - a +0 scale mail
 m - a +0 troll leather armour
 n - a +1 helmet (worn)
Jewellery
 s - an amulet of guardian spirit (around neck)
 t - the amulet "Jafae" {-Tele rF+ Regen+ Dex+2}
   (You found it on level 4 of the Dungeon)

   [amulet of regeneration]

   Dex:       It affects your dexterity (+2).
   rF:        It protects you from fire.
   -Tele:     It prevents most forms of teleportation.
   Regen:     It increases your rate of health regeneration.
 v - an amulet of faith
 w - a ring of fire (left hand)
 H - an amulet of the acrobat
 J - a +6 ring of intelligence (right hand)
Wands
 A - a wand of flame (18)
Scrolls
 d - a scroll of enchant weapon {unknown}
 g - 2 scrolls of amnesia
 q - 4 scrolls of vulnerability
 E - a scroll of summoning
 K - a scroll of poison
Potions
 e - 5 potions of flight
 f - a potion of haste
 o - a potion of brilliance {unknown}
 p - 3 potions of curing
 r - 3 potions of degeneration
 B - a potion of resistance {unknown}
 C - a potion of mutation {unknown}
 D - a potion of invisibility {unknown}
 F - 2 potions of heal wounds {unknown}
 G - a potion of ambrosia


   Skills:
 + Level 7.4 Fighting
 + Level 10.8 Axes
 + Level 1.3 Throwing
 + Level 8.2 Armour
 + Level 1.7 Dodging
 + Level 1.3 Stealth
 + Level 5.9 Shields
 + Level 0.1 Evocations


You had 8 spell levels left.
You didn't know any spells.
Your spell library contained the following spells:

 Spells                   Type           Power      Damage    Failure   Level
 Foxfire                  Conj/Fire      0%         2x1d4     98%         1
 Conjure Flame            Conj/Fire      0%         6-21      100%        3
 Ignite Poison            Fire/Tmut/Pois 0%         N/A       100%        3
 Inner Flame              Hex/Fire       0%         N/A       100%        3
 Mephitic Cloud           Conj/Pois/Air  0%         N/A       100%        3
 Flame Wave               Conj/Fire      0%         2d4       100%        4
 Freezing Cloud           Conj/Ice/Air   0%         6-21      100%        5


Dungeon Overview and Level Annotations

Branches:
Dungeon (7/15)             Temple (0/1) D:5           Sewer (visited)

Altars:
Ashenzari
Uskayaw
The Shining One

Annotations:
D:7 Dowan


Message History

As you read the scroll of teleportation, it crumbles to dust.
You feel strangely unstable. The slime creature hits you!
* * * LOW HITPOINT WARNING * * *
The slime creature hits you!
* * * LOW HITPOINT WARNING * * *
The slime creature attacks as you move away!
The slime creature hits you but does no damage.
Your surroundings suddenly seem different.
A kobold brigand and 4 kobolds come into view.
The kobold brigand is wielding a +0 club and quivering curare-tipped darts.
The kobold brigand shouts!
The kobold shouts! x4
As you read the scroll of teleportation, it crumbles to dust.
You feel strangely unstable.
A kobold comes into view. It is wielding a +0 dagger.
You block the kobold's attack. The kobold attacks as you move away!
The kobold hits you but does no damage. The kobold attacks as you move away!
The kobold hits you but does no damage. The kobold attacks as you move away!
You block the kobold's attack. The kobold attacks as you move away!
You block the kobold's attack.
Your surroundings suddenly seem different.
A hound comes into view.
The hound barks!
As you read the scroll of fog, it crumbles to dust.
The scroll dissolves into smoke.
The slime creature hits you.
* * * LOW HITPOINT WARNING * * *
You block the slime creature's attack.
The slime creature attacks as you move away!
The slime creature barely misses you.
The slime creature attacks as you move away!
The slime creature hits you!
* * * LOW HITPOINT WARNING * * *
You hit the slime creature.
The slime creature is lightly wounded.
You barely miss the hound. The slime creature hits you!
* * * LOW HITPOINT WARNING * * *
The hound barely misses you.
You feel yourself speed up. The hound closely misses you.
The slime creature hits you but does no damage.
The hound bites you.
You die...

#.#**** **..##..#.#.#* #'##
#####.##.#..#.#.#
...####....####.(...#.#
....##......##......#.##
.#.).....#.......#§§§§.#
###....####....####§§#.#
###....####....####§§§.#
#.......#.......#h§§§§##
....##......##..@J§§#§#*###
...####....####...§##..$..# ###
##..# #####...######*#.##.#
###.. ##..# ####...## #.##.#
#...# ....# #......)#
#.##.###.... ###.# #.##...<#
#...........
#.####.##....##########.#######
#.........^.........# #.######
######.##.#..######.# #......#


You could see a slime creature and a hound.

Vanquished Creatures
  Pikel (D:4)
  A troll (D:6)
  A steam dragon (D:6)
  A vampire mosquito (D:7)
  A water moccasin (D:6)
  An orc warrior (D:6)
  2 ice beasts
  2 black bears
  An ogre (D:5)
  A lemure (D:4)
  A phantom (D:7)
  2 kobold brigands (Sewer)
  2 necrophages
  2 scorpions
  2 wights (D:7)
  2 orc priests (D:6)
  4 hounds
  2 jellies (D:7)
  A gnoll shaman (D:6)
  3 iguanas
  6 orc wizards
  Robin (D:2)
  12 adders
  5 gnolls (D:6)
  2 river rats (Sewer)
  A shadow imp (D:5)
  3 white imps
  4 ufetubi
  5 worms
  3 dart slugs
  23 orcs
  8 endoplasms
  9 giant cockroaches
  11 goblins
  8 hobgoblins
  8 quokkas
  11 ball pythons
  4 bats
  4 frilled lizards
  9 kobolds
  6 rats
176 creatures vanquished.

Vanquished Creatures (others)
  5 fungi (D:1)
  5 plants (D:1)
10 creatures vanquished.

Grand Total: 186 creatures vanquished

Notes
Turn   | Place    | Note
-------+----------+-------------------------------------------
     0 | D:1      | klau3 the Hill Orc Fighter began the quest for the Orb.
     0 | D:1      | Reached XP level 1. HP: 19/19 MP: 1/1
   175 | D:1      | Reached skill level 3 in Axes
   175 | D:1      | Reached XP level 2. HP: 27/27 MP: 2/2
   181 | D:1      | Found a faded altar of an unknown god.
   907 | D:2      | Reached XP level 3. HP: 25/33 MP: 3/3
  1320 | D:2      | Noticed Robin
  1329 | D:2      | Reached XP level 4. HP: 24/40 MP: 4/4
  1330 | D:2      | Killed Robin
  1544 | D:2      | Reached skill level 4 in Axes
  2266 | D:3      | Reached XP level 5. HP: 43/47 MP: 5/5
  2638 | D:4      | Reached skill level 5 in Axes
  3007 | D:4      | Found a hide-covered altar of Uskayaw.
  3023 | D:4      | Identified the amulet "Jafae" {-Tele rF+ Regen+ Dex+2}
  3061 | D:4      | Reached XP level 6. HP: 31/53 MP: 2/6
  3163 | D:4      | Found a glowing golden altar of the Shining One.
  3247 | D:4      | Noticed a black bear
  3257 | D:4      | Killed a black bear
  3258 | D:4      | Reached skill level 6 in Axes
  3418 | D:4      | Noticed Pikel
  3428 | D:4      | Killed Pikel
  3429 | D:4      | Reached skill level 5 in Fighting
  3429 | D:4      | Reached skill level 7 in Axes
  3429 | D:4      | Reached skill level 5 in Armour
  3429 | D:4      | Reached skill level 5 in Shields
  3429 | D:4      | Reached XP level 7. HP: 25/61 MP: 1/7
  3445 | D:4      | Reached XP level 8. HP: 32/69 MP: 3/8
  4021 | D:5      | Entered Level 5 of the Dungeon
  4029 | D:5      | Reached skill level 8 in Axes
  4034 | D:5      | Reached skill level 1 in Dodging
  4402 | D:5      | Found a staircase to the Ecumenical Temple.
  4480 | D:5      | Found a glowing drain.
  4522 | Sewer    | Entered a sewer
  4583 | Sewer    | Reached skill level 9 in Axes
  5943 | D:6      | Found a broken altar of Ashenzari.
  6119 | D:6      | Reached XP level 9. HP: 54/78 MP: 6/9
  6771 | D:6      | Reached skill level 10 in Axes
  7070 | D:6      | Reached skill level 1 in Stealth
  7417 | D:7      | Noticed Dowan
  8342 | D:6      | HP: 3/79 [poisoned by a water moccasin]
  8882 | D:6      | Reached skill level 1 in Throwing
  8929 | D:7      | Noticed a troll
  8946 | D:6      | Killed a troll
  9419 | D:7      | HP: 2/79 [slime creature (10)]
  9420 | D:7      | Slain by a hound

Illustrated notes

Levels and vault maps discovered:
D:1:      psy_arrival_conway, layout_loops_ring,
          shapermc_ecumenical_altar_mp_urbaneastern
D:2:      layout_loops_cross, nrook_mini_backslash, uniq_robin
D:3:      layout_basic
D:4:      layout_gridville, lemuel_crystal_altar, tso_metal_star,
          minmay_misc_feat_chi, minmay_parallelograms, kennysheep_nub,
          minmay_checkerbox, uniq_pikel
D:5:      layout_loops_ring, minmay_temple_entry_grid, gup_sewer_entry_pipe
D:6:      layout_cave_pods, ashenzari_altar_1
D:7:      wad_guarded_room, layout_loops_ring, uniq_duvessa

Skill      XL: |  1  2  3  4  5  6  7  8  9 |
---------------+----------------------------+-----
Axes           | 3 4 5 7 9 10 | 10.8
Fighting       | 4 5 6 7 |  7.4
Shields        | 4 5 |  5.9
Armour         | 4 5 6 8 |  8.2
Dodging        | 1 |  1.7
Stealth        | 1 |  1.3
Throwing       | 1 |  1.3
Evocations     | |  0.1

Action                   |  1- 3 |  4- 6 |  7- 9 || total
-------------------------+-------+-------+-------++-------
Melee: War axe           |   109 |   165 |   412 ||   686
Throw: Dart              |       |       |    23 ||    23
Evoke: Wand              |       |       |     5 ||     5
  Use: Potion            |       |     1 |     5 ||     6
       Scroll            |       |       |    19 ||    19
Armor: Scale mail        |    10 |       |       ||    10
       Chain mail        |    73 |   129 |   231 ||   433
Dodge: Dodged            |    46 |    88 |   139 ||   273
Block: Buckler           |    25 |    65 |   113 ||   203

Table legend: (Time is in decaauts)
 A = Elapsed time spent in this place.
 B = Non-inter-level travel time spent in this place.
 C = Inter-level travel time spent in this place.
 D = Time resting spent in this place.
 E = Time spent auto-exploring this place.
 F = Levels seen in this place.
 G = Mean time per level.
                   A        B        C        D        E       F      G
               +--------+--------+--------+--------+--------+-----+--------+
         Total |   9634 |   9283 |    351 |   2521 |   3460 |   8 | 1204.2 |
       Dungeon |   9006 |   8655 |    351 |   2521 |   3211 |   7 | 1286.6 |
         Sewer |    627 |    627 |      0 |      0 |    248 |   1 |  627.0 |
               +--------+--------+--------+--------+--------+-----+--------+

Top non-repeatable levels by time:
     D:6: 2977 daAuts
     D:4: 1418 daAuts
     D:2: 1206 daAuts
     D:5: 1043 daAuts
     D:7: 869 daAuts
     D:1: 823 daAuts
     D:3: 668 daAuts
   Sewer: 627 daAuts
